Map: Cerulean Fall LE

Players

Denver

  • Race: Zerg Zerg
  • League: Master
  • Spawn Location: 7:00

Zanster - Winner!

  • Race: Zerg Zerg
  • Spawn Location: 1:00

Event: HomeStory Cup XVIII

VOD

Have the link to the VOD?

Description

Time

  • Played on: Nov. 22, 2018, 1:19 p.m.
  • Length: 7:41

All games in this series

Show
View Real Time Build Order
Export as new Build Order

Denver Zerg 

Build Orders: Hatch First 

Get SALT Encoding   

  12  0:00  Drone  
  13  0:13  Overlord  
  13  0:18  Drone  
  14  0:31  Drone x2  
  16  0:50  Hatchery  
  16  0:53  Drone  
  16  0:56  Drone  
  17  1:00  Drone  
  18  1:10  Extractor  
  17  1:14  Spawning Pool  
  17  1:18  Drone  
  17  1:21  Drone  
  18  1:29  Drone  
  20  1:40  Drone  
  20  1:52  Drone  
  21  2:02  Queen x2, Zergling x2  
  21  2:04  Drone  
  27  2:10  Metabolic Boost  
  27  2:13  Overlord  
  28  2:15  Drone  
  28  2:33  Drone x2  
  28  2:36  Hatchery  
  29  2:40  Drone  
  29  2:41  Drone  
  31  2:44  Drone  
  31  2:49  Overlord  
  32  2:54  Drone  
  32  3:02  Baneling Nest  
  31  3:06  Drone x2  
  31  3:09  Zergling x2  
  31  3:10  Zergling x6  
  31  3:12  Zergling x2  
  38  3:17  Zergling x4  
  40  3:22  Overlord  
  40  3:27  Queen  
  42  3:39  Overlord  
  42  3:40  Drone  
  43  3:43  Drone x3  
  43  3:44  Drone x2  
  48  3:49  Evolution Chamber  
  48  3:51  Drone  
  48  3:52  Drone  
  48  3:55  Zergling x4  
  51  3:57  Zergling x2  
  50  4:05  Zergling x6  
  51  4:11  Zergling x2  
  51  4:13  Roach Warren  
  51  4:15  Baneling  
  51  4:16  Baneling x2  
  51  4:18  Overlord  
  51  4:20  Extractor  
  51  4:21  Zergling x4  
  52  4:24  Baneling  
  52  4:28  Zergling x2  
  52  4:29  Zergling x6  
  56  4:34  Overlord  
  54  4:53  Roach x7  
  68  5:00  Roach x2  
  72  5:08  Roach  
  72  5:09  Roach x3  
  79  5:19  Zergling x8  
  79  5:20  Overlord  
  81  5:25  Overlord  
  81  5:35  Drone  
  82  5:37  Lair  
  82  5:39  Drone x2, Evolution Chamber  
  81  5:43  Zergling x4  
  83  5:51  Roach  
  83  5:52  Roach x2  
  89  6:00  Ravager  
  89  6:01  Zergling x10  
  95  6:08  Zergling x6  
  96  6:14  Zergling x8  
  72  6:26  Drone x3  
  72  6:27  Drone x2  
  72  6:39  Roach  
  72  6:40  Drone  
  72  6:41  Drone x4  
  72  6:46  Extractor  
  76  6:49  Drone  
  76  6:50  Drone x3  
  76  6:52  Extractor  
  81  6:54  Roach  
  81  6:56  Overlord  
  81  6:59  Roach  
  83  7:05  Roach x2  
  87  7:11  Roach x3  
  87  7:14  Overlord  
  90  7:20  Roach x2  
  95  7:22  Drone  
  95  7:23  Drone x2  
Show
View Real Time Build Order
Export as new Build Order

Zanster Zerg - Winner!

Build Orders: Hatch First 

Get SALT Encoding   

  12  0:00  Drone  
  13  0:12  Overlord  
  13  0:17  Drone  
  14  0:31  Drone x2  
  16  0:49  Hatchery  
  15  0:51  Drone  
  15  0:55  Drone  
  17  1:10  Spawning Pool  
  16  1:12  Drone  
  16  1:15  Drone  
  16  1:17  Extractor  
  17  1:20  Drone  
  18  1:28  Drone  
  19  1:39  Drone  
  20  1:51  Overlord  
  20  1:56  Queen  
  22  2:01  Queen  
  24  2:09  Drone x2  
  24  2:11  Drone  
  24  2:14  Drone  
  28  2:22  Drone  
  29  2:23  Drone  
  30  2:34  Zergling x2  
  30  2:37  Queen  
  31  2:40  Evolution Chamber  
  31  2:41  Overlord  
  31  2:42  Metabolic Boost  
  32  2:45  Drone x2  
  34  2:54  Drone  
  35  2:58  Drone  
  36  3:07  Drone  
  36  3:08  Drone x4  
  36  3:09  Zerg Missile Weapons Level 1  
  36  3:10  Drone  
  36  3:12  Drone x2  
  44  3:19  Roach Warren  
  43  3:23  Extractor, Overlord  
  42  3:28  Drone x2  
  42  3:32  Overlord  
  44  3:39  Overlord  
  43  3:43  Lair  
  43  3:44  Zergling x4  
  43  3:45  Zergling x2  
  46  3:49  Zergling x6  
  46  3:54  Zergling x2  
  50  3:56  Zergling x4  
  52  4:02  Evolution Chamber  
  52  4:06  Zergling x2  
  50  4:11  Overlord  
  51  4:20  Hatchery  
  51  4:22  Zergling x4  
  51  4:23  Zergling x10  
  57  4:33  Drone  
  57  4:34  Overlord  
  58  4:41  Drone  
  58  4:42  Glial Reconstitution  
  58  4:54  Roach x7  
  72  5:00  Roach  
  72  5:05  Overlord  
  74  5:10  Roach  
  75  5:17  Roach x4  
  75  5:23  Roach x4  
  81  5:31  Roach  
  81  5:32  Roach  
  83  5:37  Queen  
  83  5:41  Extractor  
  84  5:45  Drone  
  84  5:46  Drone x6  
  91  5:56  Roach x3  
  97  6:06  Overlord  
  97  6:10  Drone  
  98  6:12  Overlord  
  98  6:16  Roach x2  
  98  6:17  Overlord  
  91  6:22  Extractor  
  91  6:23  Drone  
  91  6:24  Drone x5  
  92  6:26  Drone  
  93  6:35  Roach x2  
  99  6:40  Roach x4  
  99  6:44  Overseer  
  105  6:48  Extractor, Drone x5  
  105  6:51  Drone  
  105  6:53  Overseer  
  110  6:54  Drone x4  
  110  6:58  Overlord  
  114  7:07  Drone x2  
  116  7:10  Overlord  
  116  7:17  Roach  
  116  7:18  Roach  
  116  7:20  Hatchery  
  116  7:21  Drone x2  
  116  7:22  Drone x2  
Tags
 
Add a new tag
Caveats
  • Supply blocks, unpowered buildings, or Contaminate may cause inaccurate times.
  • Supply counts are checked every 10 seconds.